[Event "Titled Tuesday Blitz January 31 Late 2023"]
[White "Maximov, Dmitry"]
[Black "Kamsky, Gata"]
[WhiteFideId "14105659"]
[BlackFideId "2000024"]
[WhiteElo "2497"]
[BlackElo "2665"]
[Result "1/2-1/2"]
[Round "09"]
[TimeControl "180+2"]
[Date "2023.01.31"]
[WhiteClock "0:00:41"]
[BlackClock "0:00:15"]

1. e4 e5 2. Nf3 Nc6 3. Bb5 a6 4. Ba4 Nf6 5. O-O Be7 6. Re1 b5 7. Bb3 d6 8. c3 O-O 9. h3 Nb8 10. d4 Nbd7 11. Nbd2 Bb7 12. Bc2 Re8 13. Nf1 Bf8 14. Ng3 g6 15. Bg5 Bg7 16. Qd2 Qe7 17. Rad1 Qf8 18. Qc1 h6 19. Bd2 Nb6 20. b3 c5 21. dxc5 dxc5 22. Be3 Kh7 23. Nh2 Rad8 24. Rxd8 Rxd8 25. Rd1 Rxd1+ 26. Qxd1 Nbd7 27. Ng4 Qe7 28. Qd2 Nxg4 29. hxg4 Nf8 30. g5 hxg5 31. Bxg5 Bf6 32. Be3 Ne6 33. a4 Kg8 34. axb5 axb5 35. Bd1 Bg5 36. Be2 Bc6 37. Nf1 b4 38. cxb4 Bxe3 39. Qxe3 cxb4 40. Bc4 Nd4 41. Nd2 Kg7 42. Nf3 Nxf3+ 43. Qxf3 Qf6 44. Qe3 Qf4 45. Qxf4 exf4 46. f3 Kf6 47. Kf2 Be8 48. Ke2 Ke5 49. Kd3 f6 50. Bd5 Bb5+ 51. Bc4 Be8 52. Bd5 Bb5+ 53. Bc4 Be8 1/2-1/2


[Site "https://www.chess.com"]

[Event "Titled Tuesday Blitz January 31 Late 2023"]
[White "Jobava, Baadur"]
[Black "Predke, Alexandr"]
[WhiteFideId "13601520"]
[BlackFideId "24107581"]
[WhiteElo "2578"]
[BlackElo "2685"]
[Result "1-0"]
[Round "09"]
[TimeControl "180+2"]
[Date "2023.01.31"]
[WhiteClock "0:00:36"]
[BlackClock "0:00:01"]

1. b3 c5 2. Bb2 Nc6 3. c4 Nf6 4. Nf3 e6 5. e3 Be7 6. Be2 O-O 7. O-O d5 8. cxd5 exd5 9. d4 Ne4 10. dxc5 Bxc5 11. Nbd2 Bf5 12. Rc1 Bb6 13. Nxe4 dxe4 14. Ne5 Nb4 15. Bc4 Qe7 16. Qh5 Be6 17. a3 Bxc4 18. Rxc4 Nd3 19. Nxd3 exd3 20. Rh4 h6 21. Bxg7 Qxh4 22. Qxh4 Kxg7 23. Rd1 Rfd8 24. Qg4+ Kf8 25. g3 Rac8 26. Kg2 Rc6 27. Qe4 d2 28. Qb4+ Bc5 29. Qxb7 Rcd6 30. b4 Bb6 31. Kf3 Rd3 32. Ke2 Kg7 33. Qe4 Rxa3 34. Rxd2 Rxd2+ 35. Kxd2 Ra2+ 36. Ke1 Bd8 37. Qg4+ Kf8 38. Qd4 Bb6 39. Qh8+ Ke7 40. Qxh6 Ra1+ 41. Ke2 Ra2+ 42. Kf3 Rd2 43. Qg5+ Ke8 44. h4 Rd6 45. h5 Bd8 46. Qg8+ Ke7 47. Qg5+ Ke8 48. Qb5+ Kf8 49. Qc5 Be7 50. Qxa7 Rf6+ 51. Kg2 1-0


[Site "https://www.chess.com"]

[Event "Titled Tuesday Blitz January 31 Late 2023"]
[White "Taspinar, Yanki"]
[Black "Salem, A.R. Saleh"]
[WhiteFideId "34561188"]
[BlackFideId "9301348"]
[WhiteElo "2262"]
[BlackElo "2677"]
[Result "0-1"]
[Round "09"]
[TimeControl "180+2"]
[Date "2023.01.31"]
[WhiteClock "0:00:02"]
[BlackClock "0:01:12"]

1. Nf3 Nf6 2. g3 d5 3. Bg2 c5 4. O-O e6 5. d4 cxd4 6. Nxd4 e5 7. Nb3 Be6 8. Nc3 Be7 9. f4 e4 10. f5 Bc8 11. Bg5 Nbd7 12. Kh1 h6 13. Bf4 Nb6 14. Qd4 Bxf5 15. a4 Be6 16. Nc5 Qc8 17. Nxe6 Qxe6 18. Nb5 O-O 19. Nc7 Qc6 20. Nxa8 Rxa8 21. c3 Nc4 22. b3 Bc5 23. Qd1 Ne3 24. Bxe3 Bxe3 25. Qc2 Ng4 26. h3 Nf2+ 27. Kh2 f5 28. Rad1 Rc8 29. b4 h5 30. Qa2 Rd8 31. Rxf2 Bxf2 32. Rf1 Qb6 33. e3 Bxg3+ 34. Kxg3 Qxe3+ 35. Kh2 f4 36. Qf2 Qxf2 37. Rxf2 g5 38. h4 e3 39. Rf1 g4 40. Kg1 e2 41. Re1 f3 42. Kf2 Rf8 43. Bh1 Kg7 44. Rc1 g3+ 45. Kxg3 f2 0-1


[Site "https://www.chess.com"]

[Event "Titled Tuesday Blitz January 31 Late 2023"]
[White "Mikaelyan, Arman"]
[Black "Pranav, V"]
[WhiteFideId "13304852"]
[BlackFideId "25060783"]
[WhiteElo "2523"]
[BlackElo "2597"]
[Result "0-1"]
[Round "09"]
[TimeControl "180+2"]
[Date "2023.01.31"]
[WhiteClock "0:00:09"]
[BlackClock "0:00:03"]

1. a3 e5 2. e3 d5 3. d4 exd4 4. exd4 Nf6 5. Nf3 Bd6 6. Bd3 O-O 7. O-O h6 8. Nc3 c6 9. h3 Re8 10. Re1 Nbd7 11. Rxe8+ Qxe8 12. Be3 Nf8 13. Qf1 Qd8 14. Re1 Qc7 15. Ne5 Ne6 16. f4 b5 17. f5 Nf8 18. Bf4 a5 19. Ne2 c5 20. c3 c4 21. Bb1 b4 22. Ng3 bxc3 23. bxc3 Rb8 24. Qe2 Rb3 25. Qd2 Rxa3 26. Bxh6 N6h7 27. Bf4 Ra1 28. Nh5 f6 29. Ng6 Rxb1 30. Rxb1 Bxf5 31. Bxd6 Qxd6 32. Rb7 Bxg6 33. Rxg7+ Kh8 34. Qh6 Bxh5 35. Rb7 Qg3 36. Qxh5 a4 37. Qxd5 Qxc3 38. Kh2 Qe3 39. Qxc4 a3 40. Qa6 Qf4+ 41. Kh1 Qc1+ 42. Kh2 Qf4+ 43. Kh1 Ng5 44. Qxa3 Kg8 45. Qb3+ Nfe6 46. Re7 Qd6 47. Re8+ Kf7 48. Rb8 Qxd4 49. Rb7+ Kg6 50. Qb1+ f5 51. Qe1 Ne4 52. Re7 Kf6 53. Re8 Nf2+ 54. Kh2 Ne4 55. Qh4+ Kf7 56. Qh5+ Kf6 57. Qh8+ Ng7 58. Qf8+ Kg6 59. Re7 Qd6+ 60. Kh1 Qd1+ 61. Kh2 Qd6+ 62. Kh1 Nh5 63. Qg8+ Kh6 64. Re8 Qd1+ 65. Kh2 Qd6+ 66. Kg1 Nef6 67. Qh8+ Kg5 68. Re1 Qd4+ 69. Kh2 Ng4+ 70. hxg4 Qxh8 71. gxh5 Qb8+ 72. Kg1 Qg3 73. Rf1 Qe3+ 74. Kh2 Qe5+ 75. Kg1 Kxh5 76. Rf3 Kg4 77. Kf2 Qb2+ 78. Kf1 Qb1+ 79. Kf2 Qb6+ 80. Kf1 Qc6 81. Kf2 f4 82. Rh3 Qc2+ 83. Kf1 Qd2 84. Kg1 Qe1+ 85. Kh2 Qf2 86. Rb3 Qc2 87. Rh3 Kf5 88. Rf3 Ke4 89. Rh3 Qd1 90. Ra3 Qh5+ 91. Kg1 Qc5+ 92. Kh2 Qxa3 0-1


[Site "https://www.chess.com"]

[Event "Titled Tuesday Blitz January 31 Late 2023"]
[White "Indjic, Aleksandar"]
[Black "Santos Ruiz, Miguel"]
[WhiteFideId "911925"]
[BlackFideId "22291482"]
[WhiteElo "2618"]
[BlackElo "2590"]
[Result "0-1"]
[Round "09"]
[TimeControl "180+2"]
[Date "2023.01.31"]
[WhiteClock "0:00:21"]
[BlackClock "0:01:20"]

1. d4 Nf6 2. c4 e6 3. Nc3 d5 4. Nf3 Bb4 5. Bg5 dxc4 6. e4 h6 7. Bxf6 Qxf6 8. Bxc4 O-O 9. O-O c5 10. e5 Qd8 11. Ne4 cxd4 12. Qc1 Bd7 13. a3 Be7 14. Rd1 Bc6 15. Rxd4 Qb6 16. b4 Rd8 17. Rxd8+ Qxd8 18. Qf4 Nd7 19. Rd1 Bxe4 20. Qxe4 Qc7 21. h4 Rc8 22. g3 Nf8 23. Bb3 a5 24. bxa5 Qxa5 25. Qxb7 Rc7 26. Qb8 Rc3 27. Nd4 Qxa3 28. Rb1 Bc5 29. Nc2 Rxc2 30. Bxc2 Qxg3+ 31. Kh1 Qxh4+ 32. Kg2 Qxf2+ 33. Kh1 0-1


[Site "https://www.chess.com"]

[Event "Titled Tuesday Blitz January 31 Late 2023"]
[White "Fernandez Guillen, Ernesto J."]
[Black "Makhnev, Denis"]
[WhiteFideId "3512428"]
[BlackFideId "13707647"]
[WhiteElo "2477"]
[BlackElo "2483"]
[Result "1-0"]
[Round "09"]
[TimeControl "180+2"]
[Date "2023.01.31"]
[WhiteClock "0:01:58"]
[BlackClock "0:01:20"]

1. e4 c6 2. d4 d5 3. e5 Bf5 4. Bd3 Bxd3 5. Qxd3 e6 6. c3 c5 7. Ne2 Nc6 8. O-O cxd4 9. cxd4 Nge7 10. Nbc3 Nf5 11. g4 Nh4 12. f4 h5 13. f5 hxg4 14. fxe6 fxe6 15. Nf4 Qd7 16. Ng6 Nf3+ 17. Rxf3 gxf3 18. Nxh8 O-O-O 19. Ng6 Qf7 20. Be3 Bb4 21. Rf1 Ba5 22. Nb5 Nb4 23. Qb1 Kb8 24. Nd6 Qc7 25. a3 Nc2 26. Rc1 Bd2 27. Bxd2 f2+ 28. Kxf2 1-0


[Site "https://www.chess.com"]

[Event "Titled Tuesday Blitz January 31 Late 2023"]
[White "Urazayev, Arystanbek"]
[Black "Costachi, Mihnea"]
[WhiteFideId "13709810"]
[BlackFideId "1217518"]
[WhiteElo "2460"]
[BlackElo "2476"]
[Result "1-0"]
[Round "09"]
[TimeControl "180+2"]
[Date "2023.01.31"]
[WhiteClock "0:00:16"]
[BlackClock "0:00:16"]

1. e4 e5 2. Nf3 Nc6 3. Nc3 Nf6 4. d4 exd4 5. Nxd4 Bb4 6. Nxc6 bxc6 7. Bd3 d5 8. Bd2 O-O 9. O-O Bxc3 10. Bxc3 Nxe4 11. Bxe4 dxe4 12. Qe2 Bf5 13. Qe3 Qe7 14. Rad1 Rfd8 15. Rxd8+ Qxd8 16. h3 Bg6 17. Qe2 Qd5 18. b3 Rd8 19. Qe3 c5 20. Re1 f6 21. Ba5 Rd7 22. c4 Qd4 23. Qc1 h6 24. Bc3 Qd3 25. Kh2 Kh7 26. Qb2 Qd6+ 27. Kg1 Qd3 28. a4 c6 29. a5 Bf5 30. a6 Rd8 31. Re3 Qd1+ 32. Kh2 Qd6+ 33. Kg1 Qd1+ 34. Kh2 Rd3 35. Bxf6 Rxe3 36. fxe3 gxf6 37. Qxf6 Qd7 38. Qf8 Qc7+ 39. Kg1 Kg6 40. Qxc5 Qg3 41. Kf1 Qc7 42. b4 Be6 43. b5 Qf7+ 44. Kg1 cxb5 45. cxb5 Kh7 46. b6 axb6 47. Qxb6 Bd5 48. a7 Qb7 49. Qd4 Kg6 50. Qc5 Qc6 51. Qd4 Qc1+ 52. Kh2 Qc7+ 53. Kg1 Qc6 54. Qe5 Kf7 55. Qb8 Kg6 56. Kh2 Kf6 57. g4 Qc2+ 58. Kg3 Qc6 59. Kh4 Kg6 60. Qe5 Qf6+ 61. Qxf6+ Kxf6 62. Kh5 Kg7 63. Kh4 Kg6 64. Kg3 Kf6 65. Kf4 Ba8 66. h4 Kg6 67. Ke5 Kf7 68. Kd6 Kf6 69. Kc7 Ke5 70. Kb8 Bd5 71. a8=Q Bxa8 72. Kxa8 Kd5 73. Kb7 Kc4 74. Kc6 Kd3 75. g5 hxg5 76. hxg5 Kxe3 77. g6 Kf2 78. g7 e3 79. g8=Q e2 80. Qf7+ Kg2 81. Qg6+ Kf3 82. Qf5+ Ke3 83. Qe5+ Kf3 84. Kd5 Kf2 85. Qf4+ Kg2 86. Qe3 Kf1 87. Qf3+ Kg1 88. Qxe2 Kh1 89. Ke4 Kg1 90. Kf3 Kh1 91. Qg2# 1-0


[Site "https://www.chess.com"]

[Event "Titled Tuesday Blitz January 31 Late 2023"]
[White "Kazakouski, Valery"]
[Black "Bjelobrk, Igor"]
[WhiteFideId "13507443"]
[BlackFideId "4300726"]
[WhiteElo "2539"]
[BlackElo "2403"]
[Result "1-0"]
[Round "09"]
[TimeControl "180+2"]
[Date "2023.01.31"]
[WhiteClock "0:00:16"]
[BlackClock "0:00:14"]

1. Nf3 Nf6 2. c4 e6 3. g3 d5 4. b3 Be7 5. Bg2 O-O 6. O-O b6 7. Bb2 Bb7 8. Nc3 c5 9. e3 dxc4 10. bxc4 Nc6 11. Qe2 Qd7 12. Rad1 Rfd8 13. d3 Rac8 14. Ne1 a6 15. f4 Na5 16. a4 Bxg2 17. Kxg2 Ne8 18. g4 Nc7 19. Nf3 b5 20. axb5 axb5 21. cxb5 Nxb5 22. Ne4 Qb7 23. Ng3 c4 24. dxc4 Nxc4 25. Rxd8+ Bxd8 26. Bc1 Nc3 27. Qd3 Nd5 28. e4 Nb4 29. Qe2 Bb6 30. Rd1 h6 31. h4 Qc6 32. g5 hxg5 33. hxg5 Nc2 34. Rd3 Nb4 35. Rd1 Nc2 36. Kh3 N2e3 37. Rd3 e5 38. Bxe3 Nxe3 39. Rxe3 exf4 40. Nf5 Qe6 41. Rd3 Bc5 42. Kg2 Re8 43. N3h4 g6 44. Nh6+ Kh7 45. Ng4 Be7 46. Rd5 Bd8 47. Qf3 Kg7 48. Qxf4 Rh8 49. Nf3 Qc8 50. Qe5+ Kg8 51. Nh6+ Kh7 52. Qxh8+ Kxh8 53. Rxd8+ 1-0


[Site "https://www.chess.com"]

[Event "Titled Tuesday Blitz January 31 Late 2023"]
[White "Yuan, Qingyu"]
[Black "Hasanagic, Anel"]
[WhiteFideId "8609772"]
[BlackFideId "14605791"]
[WhiteElo "2373"]
[BlackElo "2243"]
[Result "1-0"]
[Round "09"]
[TimeControl "180+2"]
[Date "2023.01.31"]
[WhiteClock "0:00:04"]
[BlackClock "0:00:06"]

1. e4 c6 2. d4 d5 3. exd5 cxd5 4. Bd3 Nf6 5. h3 Nc6 6. c3 g6 7. Nf3 Bg7 8. O-O O-O 9. Re1 Bf5 10. Bf1 Bxb1 11. Rxb1 Rc8 12. Bf4 a6 13. Bd3 Na5 14. Nd2 b5 15. Qe2 e6 16. a4 Nc4 17. axb5 axb5 18. Nb3 Nd7 19. Ra1 Qb6 20. Bg3 Ra8 21. Rxa8 Rxa8 22. Ra1 Ra4 23. Qc2 Rxa1+ 24. Nxa1 e5 25. dxe5 Bxe5 26. Bxe5 Ndxe5 27. Bf1 d4 28. Nb3 dxc3 29. Qxc3 Qc6 30. Nd4 Qd5 31. b3 Nd6 32. Qb4 Nc6 33. Nxc6 Qxc6 34. Qd4 h5 35. h4 Nf5 36. Qb4 Nd6 37. g3 Qd5 38. Qc3 Ne4 39. Qe3 Nd6 40. Kh2 b4 41. Bg2 Qe6 42. Qd4 Nf5 43. Qxb4 Qe5 44. Qe4 Qc5 45. Qf3 Qb4 46. Qd3 Kg7 47. Be4 Nd6 48. Bd5 Nf5 49. Kg2 Nd6 50. Qf3 Nf5 51. Bc4 Qb6 52. Qd5 Nd6 53. Qe5+ Kf8 54. Qh8+ Ke7 55. Qe5+ Kf8 56. Bd5 Qc7 57. b4 Nb5 58. Qh8+ Ke7 59. Bf3 Qd6 60. Qb2 Nd4 61. Be4 Qe5 62. Ba8 Qd6 63. b5 Qb6 64. Qb4+ Kf6 65. Qc4 Nxb5 66. Bd5 Nd6 67. Qf4+ Ke7 68. Qe5+ Kd7 69. Qf6 Qd8 70. Qe5 Qe7 71. Qd4 Ke8 72. Qh8+ Qf8 73. Qe5+ Qe7 74. Qh8+ Kd7 75. Qd4 Nf5 76. Qa4+ Kd6 77. Qc6+ Ke5 78. f4+ Kd4 79. Qc4+ Ke3 80. Qc3+ Ke2 81. Bf3# 1-0


[Site "https://www.chess.com"]

[Event "Titled Tuesday Blitz January 31 Late 2023"]
[White "Paichadze, Luka"]
[Black "Diaz Perez, Michel Alejandro"]
[WhiteFideId "13602934"]
[BlackFideId "3517179"]
[WhiteElo "2515"]
[BlackElo "2414"]
[Result "1-0"]
[Round "09"]
[TimeControl "180+2"]
[Date "2023.01.31"]
[WhiteClock "0:00:14"]
[BlackClock "0:00:12"]

1. e4 c6 2. d4 d5 3. e5 Bf5 4. h4 h5 5. Bd3 Bxd3 6. Qxd3 e6 7. Bg5 Qb6 8. Nd2 Qa6 9. c4 Bb4 10. b3 Ne7 11. Nf3 Nd7 12. O-O Nf5 13. Rfd1 c5 14. dxc5 Nxc5 15. Qf1 Bxd2 16. Nxd2 d4 17. Nf3 d3 18. b4 Na4 19. Qxd3 O-O 20. c5 Qc6 21. Qb3 b5 22. Nd4 Nxd4 23. Rxd4 a5 24. Qg3 axb4 25. Bh6 g6 26. Bxf8 Rxf8 27. Rxb4 Qxc5 28. Rb3 Rd8 29. Rab1 Qc4 30. Rxb5 Nc3 31. Qg5 Rc8 32. R5b4 Qxa2 33. Rb8 Qc4 34. Rxc8+ Qxc8 35. Re1 Nd5 36. Rc1 Kg7 37. Rxc8 1-0


[Site "https://www.chess.com"]

[Event "Titled Tuesday Blitz January 31 Late 2023"]
[White "Salimova, Nurgyul"]
[Black "Iskusnyh, Sergei"]
[WhiteFideId "2915138"]
[BlackFideId "4120027"]
[WhiteElo "2391"]
[BlackElo "2440"]
[Result "0-1"]
[Round "09"]
[TimeControl "180+2"]
[Date "2023.01.31"]
[WhiteClock "0:00:01"]
[BlackClock "0:00:55"]

1. d4 d5 2. Nf3 Nf6 3. c4 c6 4. Nc3 dxc4 5. e4 b5 6. e5 Nd5 7. a4 e6 8. Be2 Be7 9. O-O O-O 10. Ne4 Nd7 11. b3 cxb3 12. Qxb3 b4 13. Bg5 Bxg5 14. Nfxg5 h6 15. Nf3 a5 16. Rfc1 Bb7 17. Nd6 Qb6 18. Bd3 Ba6 19. Bb1 Nc3 20. Rxc3 bxc3 21. Qc2 f5 22. Ba2 c5 23. Bxe6+ Kh8 24. Bxd7 cxd4 25. Bxf5 Qb2 26. Rd1 Be2 27. Rxd4 Rxf5 0-1


[Site "https://www.chess.com"]

[Event "Titled Tuesday Blitz January 31 Late 2023"]
[White "Tworuszka, Michal"]
[Black "Karolczuk, Iwo"]
[WhiteFideId "1117858"]
[BlackFideId "21816972"]
[WhiteElo "2260"]
[BlackElo "2343"]
[Result "0-1"]
[Round "09"]
[TimeControl "180+2"]
[Date "2023.01.31"]
[WhiteClock "0:01:12"]
[BlackClock "0:00:48"]

1. e4 c5 2. Nf3 d6 3. d4 cxd4 4. Nxd4 Nf6 5. Nc3 a6 6. b3 g6 7. Bb2 Bg7 8. Bd3 O-O 9. O-O Nbd7 10. Re1 Nc5 11. Bf1 Bd7 12. h3 Rc8 13. Qd2 b5 14. a3 Re8 15. Rad1 h5 16. g3 e5 17. Nf3 Bc6 18. Ng5 Bh6 19. h4 Nfxe4 20. Ncxe4 Nxe4 21. Nxe4 Bxd2 22. Nxd2 f6 23. Bh3 Rc7 24. Nf1 d5 25. f4 d4 26. f5 Qd5 0-1


[Site "https://www.chess.com"]

[Event "Titled Tuesday Blitz January 31 Late 2023"]
[White "Poltorak, Sebastian"]
[Black "Melkumyan, Hrant"]
[WhiteFideId "1199498"]
[BlackFideId "13302485"]
[WhiteElo "2354"]
[BlackElo "2645"]
[Result "0-1"]
[Round "09"]
[TimeControl "180+2"]
[Date "2023.01.31"]
[WhiteClock "0:00:13"]
[BlackClock "0:01:38"]

1. e4 e6 2. Nc3 d5 3. exd5 exd5 4. d4 Nf6 5. Bd3 Bd6 6. Bg5 c6 7. Nge2 Nbd7 8. Qd2 Nf8 9. O-O-O Ne6 10. Bh4 O-O 11. Bg3 b5 12. Bf5 a5 13. Rde1 a4 14. Bxd6 Qxd6 15. Bxe6 Bxe6 16. Nf4 b4 17. Nb1 b3 18. axb3 axb3 19. c3 Ra1 20. Nxe6 fxe6 21. f3 Nd7 22. Qe3 e5 23. Rd1 exd4 24. Rxd4 Ne5 25. Qg5 h6 26. Qg3 c5 27. Rd2 Qf6 28. Re1 Qf5 0-1


[Site "https://www.chess.com"]

[Event "Titled Tuesday Blitz January 31 Late 2023"]
[White "EREBUNI91"]
[Black "Svane, Frederik"]
[BlackFideId "12923044"]
[WhiteElo "2685"]
[BlackElo "2600"]
[Result "1-0"]
[Round "09"]
[TimeControl "180+2"]
[Date "2023.01.31"]
[WhiteClock "0:00:59"]
[BlackClock "0:00:04"]

1. e4 e5 2. Nf3 Nc6 3. Bb5 a6 4. Ba4 Nf6 5. O-O Be7 6. Bxc6 dxc6 7. d3 Nd7 8. Nbd2 f6 9. Nh4 g6 10. Qg4 Nf8 11. Qg3 f5 12. Qxe5 Kf7 13. Nhf3 Bf6 14. Qc5 Be6 15. exf5 gxf5 16. Nc4 Qd5 17. Nce5+ Kg8 18. Qe3 Ng6 19. c4 Qd6 20. d4 Re8 21. b3 Bc8 22. Bb2 Kg7 23. Rfe1 Re7 24. Rad1 Rhe8 25. Qd2 b6 26. Qc1 a5 27. Ba3 Qd8 28. Bxe7 Nxe7 29. Qf4 Qd6 30. Qg3+ Kf8 31. Ng5 Bxg5 32. Qxg5 Ng6 33. Qh6+ Kg8 34. Nxg6 Rxe1+ 35. Rxe1 hxg6 36. Re8+ Kf7 37. Rxc8 Qe6 38. Qf8# 1-0


[Site "https://www.chess.com"]

[Event "Titled Tuesday Blitz January 31 Late 2023"]
[White "Baskakov, Egor"]
[Black "Oro, Faustino"]
[WhiteFideId "24197866"]
[BlackFideId "20000197"]
[WhiteElo "2215"]
[BlackElo "2269"]
[Result "1/2-1/2"]
[Round "09"]
[TimeControl "180+2"]
[Date "2023.01.31"]
[WhiteClock "0:00:02"]
[BlackClock "0:00:02"]

1. e4 c5 2. Nf3 d6 3. d4 cxd4 4. Nxd4 Nf6 5. Nc3 a6 6. a4 e5 7. Nde2 Be7 8. g3 O-O 9. Bg2 Be6 10. h3 Nbd7 11. O-O Qc7 12. g4 Rfc8 13. Ng3 Qc6 14. Nf5 Bf8 15. a5 Nc5 16. Re1 b6 17. Nd5 Bxd5 18. exd5 Qb7 19. axb6 Qxb6 20. b3 a5 21. Be3 Qc7 22. c4 Rcb8 23. Rb1 a4 24. bxa4 Rxb1 25. Qxb1 Nxa4 26. Qa2 Ra6 27. Qb3 Nc5 28. Qc2 Nfd7 29. Rb1 Ra3 30. Kh2 Na6 31. Rb5 Ndc5 32. Ng3 g6 33. Bg5 h6 34. Be3 Bg7 35. Qc1 Ra2 36. Qb1 Ra3 37. Qc2 Kh7 38. Ne4 Nd3 39. Rb3 Rxb3 40. Qxb3 Nf4 41. Qb5 Nb8 42. Bxf4 exf4 43. c5 Be5 44. Bf3 dxc5 45. Nxc5 Bd4 46. Ne4 Nd7 47. d6 Qd8 48. Qd5 Ne5 49. Kg2 Ba1 50. Nc5 Kg7 51. Nd3 Nxd3 52. Qxd3 Qd7 53. Qd5 Bf6 54. Qc5 Bd8 55. Bc6 Qe6 56. d7 Be7 57. Qc3+ Kh7 58. Qf3 Bf6 59. Ba4 Kg7 60. Qxf4 Qd5+ 61. Qf3 Qxf3+ 62. Kxf3 Bd8 63. Ke4 Kf8 64. f4 Ke7 65. g5 hxg5 66. fxg5 Kd6 67. Kf4 Ke7 68. Kg4 Bc7 69. Bb3 Be5 70. Bxf7 Kxd7 71. Bxg6 Ke7 72. Kf5 Ba1 73. h4 Kf8 74. h5 Kg7 75. h6+ Kh8 76. Be8 Bb2 77. g6 Ba1 78. Ke6 Kg8 79. Bb5 Bb2 80. Bc4 Kf8 1/2-1/2


[Site "https://www.chess.com"]

[Event "Titled Tuesday Blitz January 31 Late 2023"]
[White "Chor, Kevin"]
[Black "Holt, Conrad"]
[WhiteFideId "2090740"]
[BlackFideId "2034387"]
[WhiteElo "1944"]
[BlackElo "2540"]
[Result "0-1"]
[Round "09"]
[TimeControl "180+2"]
[Date "2023.01.31"]
[WhiteClock "0:00:02"]
[BlackClock "0:00:06"]

1. e4 e6 2. d4 d5 3. Nd2 c5 4. exd5 Qxd5 5. Ngf3 cxd4 6. Bc4 Qd6 7. O-O Nf6 8. Nb3 Nc6 9. Nbxd4 Nxd4 10. Nxd4 a6 11. Bg5 Qc5 12. Bxf6 Qxc4 13. b3 Qc7 14. Bh4 Bd6 15. Bg3 Bxg3 16. hxg3 O-O 17. Qe2 e5 18. Nf3 f6 19. c4 Bd7 20. Rad1 Rad8 21. Nh4 b5 22. Rc1 Qb7 23. c5 Bc6 24. Qg4 Rd4 25. Qe6+ Kh8 26. Nf5 Rd2 27. Nd6 Qc7 28. Rfd1 Bd5 29. Qg4 Rxd1+ 30. Qxd1 Qc6 31. f3 g6 32. Qd3 Kg7 33. b4 Be6 34. Rd1 Bxa2 35. f4 exf4 36. gxf4 Be6 37. g4 Bxg4 38. Re1 Qd7 39. Qd5 Kh8 40. c6 Qa7+ 41. Kg2 Qc7 42. Ne8 Qc8 43. Nd6 Bh3+ 44. Kh2 Qg4 45. Qe4 Qh4 46. f5 Bg4+ 47. Kg2 Qh3+ 48. Kf2 Qh2+ 49. Ke3 Qg3+ 50. Kd4 Qxd6+ 51. Qd5 Qf4+ 52. Kc5 Qf2+ 53. Kd6 Bxf5 54. Re7 Qf4+ 55. Kc5 Qc1+ 56. Kb6 Qg1+ 57. Kb7 Qg3 58. c7 Bc8+ 59. Ka7 Qf2+ 60. Kb8 Qb6+ 61. Ka8 Bb7# 0-1


[Site "https://www.chess.com"]

[Event "Titled Tuesday Blitz January 31 Late 2023"]
[White "Pakleza, Zbigniew"]
[Black "Koellner, Ruben Gideon"]
[WhiteFideId "1119290"]
[BlackFideId "12993093"]
[WhiteElo "2494"]
[BlackElo "2426"]
[Result "1/2-1/2"]
[Round "09"]
[TimeControl "180+2"]
[Date "2023.01.31"]
[WhiteClock "0:00:03"]
[BlackClock "0:00:38"]

1. d4 d6 2. Nf3 Nf6 3. Bf4 g6 4. h3 Bg7 5. e3 O-O 6. Be2 Nc6 7. c4 Re8 8. Nc3 Bf5 9. O-O e5 10. Bh2 exd4 11. exd4 Ne4 12. Nd5 Nf6 13. Ne3 Bd7 14. Re1 Ne7 15. Bd3 Qc8 16. Qc2 Nc6 17. a3 Nh5 18. Nd5 Nf6 19. Rxe8+ Bxe8 20. Nc3 Nh5 21. d5 Nd4 22. Nxd4 Bxd4 23. Re1 Bd7 24. Ne4 Qf8 25. b4 Re8 26. Re2 Nf6 27. Nxf6+ Bxf6 28. Bf4 Rxe2 29. Qxe2 Qe7 30. Qxe7 Bxe7 31. Be3 b6 32. Bd4 f5 33. g3 Kf7 34. f4 Bf6 35. Bxf6 Kxf6 36. Kf2 Ba4 37. Ke3 Bd1 38. Kd4 h6 39. h4 Bf3 40. c5 Bd1 41. Kc4 Ba4 42. Kd4 h5 43. Ba6 Ke7 44. Bc8 Kd8 45. Be6 Ke7 46. Bc8 Bb5 47. Be6 Ba6 48. Bg8 Bc8 49. c6 Kf8 50. Bh7 Kg7 51. Bxg6 Kxg6 52. b5 a6 53. a4 axb5 54. axb5 Kf6 55. Kc4 Be6 56. Kd4 Ke7 57. Kc4 Kf7 58. Kd4 Bxd5 59. Kxd5 Ke7 60. Kd4 Ke6 61. Kc4 d5+ 62. Kd3 Kd6 63. Kd4 Ke6 64. Kd3 Ke7 65. Ke3 Kf6 66. Kd3 Ke7 67. Ke3 Ke6 68. Kd3 1/2-1/2


[Site "https://www.chess.com"]

[Event "Titled Tuesday Blitz January 31 Late 2023"]
[White "Gubajdullin, Alexei"]
[Black "Borges Feria, Yasel"]
[WhiteFideId "4141202"]
[BlackFideId "3504921"]
[WhiteElo "2285"]
[BlackElo "2439"]
[Result "0-1"]
[Round "09"]
[TimeControl "180+2"]
[Date "2023.01.31"]
[WhiteClock "0:00:16"]
[BlackClock "0:00:22"]

1. d4 Nf6 2. Nf3 e6 3. Bf4 b6 4. e3 Bb7 5. h3 c5 6. Be2 Be7 7. O-O O-O 8. a4 a6 9. Nbd2 Nc6 10. c3 d5 11. Ne5 Nxe5 12. Bxe5 Bd6 13. Bxd6 Qxd6 14. a5 b5 15. dxc5 Qxc5 16. Nb3 Qc7 17. Qd4 Rac8 18. Qb4 Rfd8 19. Rfd1 e5 20. Bf3 h6 21. Rd2 Qc4 22. Rad1 Rd7 23. e4 d4 24. Qa3 Bxe4 25. cxd4 Bxf3 26. gxf3 Re8 27. Rc1 Qe6 28. Nc5 Qc6 29. Nd3 Qxf3 30. Nxe5 Qxa3 31. bxa3 Rd6 32. Rc6 Red8 33. Rdc2 Rxd4 34. Rxa6 Re8 35. Nc6 Rd1+ 36. Kg2 Nd5 37. Rb6 Nf4+ 38. Kg3 g5 39. Nb4 Rg1+ 40. Kf3 Nxh3 41. a6 g4# 0-1


[Site "https://www.chess.com"]

[Event "Titled Tuesday Blitz January 31 Late 2023"]
[White "Lizak, Peter"]
[Black "Oganian, Miran"]
[WhiteFideId "731595"]
[BlackFideId "4122488"]
[WhiteElo "2411"]
[BlackElo "2439"]
[Result "0-1"]
[Round "09"]
[TimeControl "180+2"]
[Date "2023.01.31"]
[WhiteClock "0:00:03"]
[BlackClock "0:01:59"]

1. d4 e6 2. e4 d5 3. e5 c5 4. c3 Nc6 5. Nf3 Nh6 6. Bd3 Nf5 7. O-O cxd4 8. Bxf5 exf5 9. cxd4 Be6 10. Nc3 Be7 11. a3 g5 12. b4 h6 13. Ne1 Qb6 14. Nc2 Rc8 15. Na4 Qb5 16. Nc5 b6 17. Nxe6 fxe6 18. Qh5+ Kd7 19. a4 Qd3 20. b5 Na5 21. Ne3 Qxd4 22. Ba3 Rhe8 23. Bxe7 Rxe7 24. Qxh6 Qxe5 25. Qxg5 Rh8 26. Ng4 Qd6 27. Nf6+ Kc7 28. h4 Kb7 29. h5 Nc4 30. Rfe1 e5 31. Rad1 d4 32. Rc1 Qe6 33. Nd5 Reh7 34. Rxc4 Qxd5 35. Qc1 Rxh5 36. Rc7+ Kb8 37. f3 d3 38. Kf2 d2 0-1


[Site "https://www.chess.com"]

[Event "Titled Tuesday Blitz January 31 Late 2023"]
[White "Stoyanov, Tsvetan"]
[Black "Musovic, Armin"]
[WhiteFideId "2917173"]
[BlackFideId "939935"]
[WhiteElo "2454"]
[BlackElo "2261"]
[Result "1-0"]
[Round "09"]
[TimeControl "180+2"]
[Date "2023.01.31"]
[WhiteClock "0:00:07"]
[BlackClock "0:00:02"]

1. c4 c5 2. Nf3 Nf6 3. Nc3 g6 4. e3 Bg7 5. d4 cxd4 6. exd4 d5 7. cxd5 Nxd5 8. Bb5+ Nc6 9. O-O O-O 10. h3 a6 11. Bc4 Nb6 12. Bb3 Na5 13. Bc2 Nd5 14. Re1 Nc6 15. Bg5 Bf6 16. Bh6 Re8 17. Bb3 Nxc3 18. bxc3 Na5 19. Bc2 Bd7 20. Ne5 Rc8 21. Qf3 Rc7 22. Rac1 Nc4 23. Nxc4 Rxc4 24. Qxb7 Rxc3 25. Qxa6 Qc8 26. Qe2 Bxd4 27. Bb3 Qc5 28. Rxc3 Qxc3 29. Rd1 e5 30. Rc1 Qa5 31. Qf3 Be6 32. Qf6 e4 33. Qxd4 f6 34. Qxf6 Qe1+ 1-0


[Site "https://www.chess.com"]